 Dungeon Crawl Stone Soup version 0.20.0-15-g7f486f2 (webtiles) character file.

511 skittles the Firebug (level 6, -9/45 HPs)
             Began as a Draconian Fire Elementalist on June 17, 2017.
             Mangled by an orc
             ... wielding a +0 trident
              (10 damage)
             ... on level 4 of the Dungeon.
             The game lasted 00:11:32 (4908 turns).

skittles the Firebug (Draconian Fire Elementalist)  Turns: 4908, Time: 00:11:32

Health: -9/45      AC:  8    Str: 10    XL:     6   Next: 99%
Magic:  1/12       EV: 12    Int: 18    God:
Gold:   193        SH:  0    Dex: 11    Spells: 5/13 levels left

rFire    . . .     SeeInvis .   s - +0 dagger (elec)
rCold    . . .     Gourm    .   (no shield)
rNeg     . . .     Faith    .   (armour unavailable)
rPois    .         Spirit   .   (helmet restricted)
rElec    .         Reflect  .   m - +0 cloak
rCorr    .         Harm     .   (no gloves)
MR       .....                  t - +0 pair of boots
Stlth    ++........             (no amulet)
Regen    0.2/turn               (no ring)
MPRegen  0.2/turn               (no ring)

@: very slightly contaminated
A: unfitting armour, cold-blooded, AC +6
a: no special abilities


You were on level 4 of the Dungeon.
You were not hungry.

You visited 2 branches of the dungeon, and saw 5 of its levels.

You collected 193 gold pieces.

Inventory:

Hand Weapons
 c - a +0 spear
 s - a +0 dagger of electrocution (weapon)
 w - a +0 trident
Armour
 m - a +0 cloak (worn)
 t - a +0 pair of boots (worn)
Wands
 q - a wand of digging (7/24)
 y - a wand of iceblast (10/15)
Scrolls
 e - 2 scrolls of amnesia
 g - 2 scrolls of enchant weapon {unknown}
 h - a scroll of magic mapping {unknown}
 i - 2 scrolls of remove curse
 n - 2 scrolls of enchant armour {unknown}
 v - 2 scrolls of identify {unknown}
Potions
 d - a potion of degeneration {unknown}
 f - a potion of brilliance {unknown}
 j - 2 potions of lignification {unknown}
 k - 2 potions of berserk rage {unknown}
 r - a potion of mutation {unknown}
 u - a potion of heal wounds {unknown}
 x - a potion of haste {unknown}
Books
 a - a book of Flames

   Spells                             Type                      Level
   a - Flame Tongue                   Conjuration/Fire             1
   b - Throw Flame                    Conjuration/Fire             2
   c - Conjure Flame                  Conjuration/Fire             3
   d - Inner Flame                    Hexes/Fire                   3
   e - Sticky Flame                   Conjuration/Fire             4
   f - Fireball                       Conjuration/Fire             5
Comestibles
 b - 3 bread rations
 l - 2 meat rations
 o - 8 chunks of flesh
 p - a royal jelly


   Skills:
 - Level 1.7 Dodging
 - Level 1.7 Stealth
 + Level 4.2 Spellcasting
 + Level 4.2 Conjurations
 + Level 5.2 Fire Magic


You had 5 spell levels left.
You knew the following spells:

 Your Spells              Type           Power        Failure   Level  Hunger
a - Flame Tongue          Conj/Fire      ###..        1%          1    None
b - Conjure Flame         Conj/Fire      ###.....     6%          3    ###....
c - Sticky Flame          Conj/Fire      ###.....     21%         4    ####...


Dungeon Overview and Level Annotations

Branches:
Dungeon (4/15)             Temple (1/1) D:4

Altars:
Ashenzari
Cheibriados
Dithmenos
Hepliaklqana
Makhleb
Qazlal
Sif Muna
Trog
Uskayaw
Xom
Yredelemnul
Zin
The Shining One

Annotations:
D:4 NoNouf's ghost, amateur GrFi


Innate Abilities, Weirdness & Mutations

Your plain brown scales are hard. (AC +6)
You cannot fit into any form of body armour.
You are cold-blooded and may be slowed by cold attacks.


Message History

Casting: Flame Tongue
Confirm with . or Enter, or press ? or * to list all spells.
Aiming: Flame Tongue
Press: ? - help, Shift-Dir - straight line, f/p - orc wizard
Aim: an orc wizard, wielding a dagger of flaming and wearing a robe (moderately wounded)
The flame tongue hits the orc wizard.
You kill the orc wizard!
The orc hits you from afar with a trident!
* * * LOW HITPOINT WARNING * * *
The orc closely misses you.
Casting: Flame Tongue
Confirm with . or Enter, or press ? or * to list all spells.
Aiming: Flame Tongue
Press: ? - help, Shift-Dir - straight line, f - orc
Aim: an orc, wielding an enchanted dagger and wearing a ring mail The flame tongue misses the orc.
The orc hits you with an enchanted dagger.
* * * LOW HITPOINT WARNING * * *
The orc hits you from afar with a trident!
You die...

#>'.......'.'...'.....#
#.#.....(.###...#####.##
#.######........# #..#
#.# ####......### ##.##
#.# #.........# #..# #.#
#.........# ##.## #.#
#....######### #..#
#.###....###...... ##.##
#...'....)@o.(.... #..#
#####....###o..... ##.#
#....# ......######..
###### ...........<.
............ +#######...
#.....(... +####....
...#.<#.


You could see 2 orcs.

Vanquished Creatures
  The ghost of Wanze the Charmwright, an amateur HaSk (D:3)
  2 orc wizards (D:4)
  2 orc priests (D:4)
  Natasha (thrice) (D:2)
  A worker ant (D:4)
  Robin (D:3)
  7 adders
  3 worms
  A dart slug (D:3)
  8 leopard geckos
  15 orcs
  10 bats
  2 giant cockroaches
  17 goblins
  14 hobgoblins
  9 jackals
  3 quokkas
  A ball python (D:3)
  2 frilled lizards (D:2)
  9 kobolds
  A leopard gecko skeleton (D:4)
  9 rats
121 creatures vanquished.

Notes
Turn   | Place    | Note
-------+----------+-------------------------------------------
     0 | D:1      | skittles the Draconian Fire Elementalist began the quest for the Orb.
     0 | D:1      | Reached XP level 1. HP: 14/14 MP: 3/3
   239 | D:1      | Reached XP level 2. HP: 19/20 MP: 5/5
  1250 | D:2      | Reached XP level 3. HP: 26/26 MP: 3/6
  1270 | D:2      | Noticed Natasha
  1282 | D:2      | Killed Natasha
  1415 | D:2      | Reached XP level 4. HP: 23/33 MP: 5/8
  1806 | D:2      | Found a hide-covered altar of Uskayaw.
  1834 | D:2      | Reached skill level 4 in Fire Magic
  1893 | D:2      | Found a burning altar of Makhleb.
  2013 | D:2      | Learned a level 3 spell: Conjure Flame
  2018 | D:2      | Learned a level 4 spell: Sticky Flame
  2022 | D:2      | Noticed Natasha
  2027 | D:2      | Killed Natasha
  2347 | D:3      | Reached XP level 5. HP: 36/38 MP: 9/9
  2491 | D:3      | Noticed Wanze's ghost (amateur HaSk)
  2527 | D:3      | Killed Wanze's ghost
  3052 | D:3      | Noticed Robin
  3171 | D:3      | Killed Robin
  3171 | D:3      | Reached XP level 6. HP: 21/45 MP: 2/11
  3202 | D:2      | Noticed Natasha
  3214 | D:2      | Killed Natasha
  3746 | D:3      | Found a stormy altar of Qazlal.
  3771 | D:3      | Noticed a moth of wrath
  3774 | D:3      | Found a bloodstained altar of Trog.
  4188 | D:4      | Found a staircase to the Ecumenical Temple.
  4201 | Temple   | Entered the Ecumenical Temple
  4399 | D:4      | Noticed NoNouf's ghost (amateur GrFi)
  4689 | D:4      | Reached skill level 5 in Fire Magic
  4908 | D:4      | HP: 1/45 [orc/enchanted dagger (4)]
  4908 | D:4      | Mangled by an orc

Skill      XL: |  1  2  3  4  5  6 |
---------------+-------------------+-----
Conjurations   | 2 3 4 |  4.2
Fire Magic     | 4 5 |  5.2
Spellcasting   | 3 4 |  4.2
Dodging        | |  1.7
Stealth        | |  1.7

Action                   |  1- 3 |  4- 6 || total
-------------------------+-------+-------++-------
Melee: Spear             |    89 |   182 ||   271
       Tailslap          |     6 |    26 ||    32
       Dagger            |       |   123 ||   123
 Cast: Flame Tongue      |    20 |    57 ||    77
       Conjure Flame     |       |     3 ||     3
       Sticky Flame      |       |     1 ||     1
  Use: Scroll            |       |     2 ||     2
 Stab: Sleeping          |     1 |     2 ||     3
       Distracted        |       |     1 ||     1
  Eat: Chunk             |     2 |    12 ||    14
Armor: Skin              |    33 |    97 ||   130
Dodge: Dodged            |    66 |   203 ||   269
